 Dungeon Crawl Stone Soup version 0.20-a0-1034-gb277f92 (webtiles) character file.

23 Duffy the Shield-Bearer (level 3, 0/34 HPs)
             Began as a Naga Fighter on Apr 21, 2017.
             Slain by an adder (3 damage)
             ... on level 3 of the Dungeon.
             The game lasted 00:00:33 (628 turns).

Duffy the Shield-Bearer (Naga Fighter)               Turns: 628, Time: 00:00:34

Health: 0/34       AC:  5    Str: 19    XL:     3   Next: 0%
Magic:  3/3        EV:  5    Int:  8    God:
Gold:   27         SH:  9    Dex: 10    Spells: 2/2 levels left

rFire    . . .     SeeInvis +   a - +0 war axe
rCold    . . .     Gourm    .   c - +0 shield
rNeg     . . .     Faith    .   b - +0 scale mail
rPois    +         Spirit   .   (no helmet)
rElec    .         Reflect  .   l - +0 cloak
rCorr    .         Harm     .   (no gloves)
MR       .....                  (no barding)
Stlth    ..........             (no amulet)
Regen    0.2/turn               (no ring)
MPRegen  0.1/turn               (no ring)

@: lethally poisoned (0 -> -2), very slow
A: see invisible, deformed body, poison resistance, slowness 2, slow metabolism
1, spit poison 1, AC +1
a: Spit Poison


You were on level 3 of the Dungeon.
You were not hungry.

You visited 1 branch of the dungeon, and saw 3 of its levels.

You collected 27 gold pieces.

Inventory:

Hand Weapons
 a - a +0 war axe (weapon)
Armour
 b - a +0 scale mail (worn)
 c - a +0 shield (worn)
 l - a +0 cloak (worn)
Scrolls
 e - a scroll of enchant weapon {unknown}
 h - a scroll of teleportation {unknown}
 j - a scroll of identify {unknown}
 k - a scroll of remove curse {unknown}
 m - a scroll of enchant armour {unknown}
Potions
 d - a potion of might
 g - 2 potions of heal wounds {unknown}
 i - a potion of curing {unknown}
 o - a potion of berserk rage {unknown}
Comestibles
 f - 2 bread rations


   Skills:
 - Level 3.0 Fighting
 - Level 2.0 Axes
 - Level 2.4 Armour
 + Level 3.3 Shields


You had 2 spell levels left.
You didn't know any spells.

Dungeon Overview and Level Annotations

Branches:
Dungeon (3/15)

Altars:


Innate Abilities, Weirdness & Mutations

You cannot wear boots.
Your serpentine skin is tough. (AC +1)
You have supernaturally acute eyesight. (SInv)
Armour fits poorly on your strangely shaped body.
Your system is resistant to poisons. (rPois)
You cover ground very slowly.
You have a slow metabolism.
You can spit poison.


Message History

The splash of poison misses the adder.
You feel slightly more hungry.
You feel sick. You block the adder's attack.
You closely miss the adder.
The adder is heavily wounded.
You block the adder's attack. The adder bites you.
You closely miss the adder.
The adder is heavily wounded.
You feel sick. You block the adder's attack. x2
You miss the adder.
The adder is heavily wounded.
You feel sick.
The adder bites you but does no damage. x2
All of the chunks of flesh in your inventory have rotted away.
You closely miss the adder.
The adder is heavily wounded.
You have got your breath back.
The adder bites you but does no damage. You block the adder's attack.
You hit the adder.
The adder is heavily wounded.
You feel sick. The adder barely misses you. The adder bites you.
You die...

.# ###### .# .....# #
.#
...#.#########.####.#
.#.............S@.#.#
...#..########.##.#.#
..##...## #.##.#.#
###.....# #......#
####...## ####.###
......## #.# #.###.#
#.# #.###.# #.#
.~~7#'## #.###


You could see an adder.

Vanquished Creatures
  An adder (D:2)
  A worm (D:3)
  A leopard gecko (D:2)
  5 hobgoblins
  A kobold (D:3)
  2 rats (D:1)
11 creatures vanquished.

Notes
Turn   | Place    | Note
-------+----------+-------------------------------------------
     0 | D:1      | Duffy the Naga Fighter began the quest for the Orb.
     0 | D:1      | Reached XP level 1. HP: 21/21 MP: 1/1
   177 | D:2      | Reached XP level 2. HP: 26/28 MP: 2/2
   529 | D:3      | Reached XP level 3. HP: 30/34 MP: 3/3
   628 | D:3      | Slain by an adder

Vault maps used:
D:1:      minmay_arrival_stair_chambers
D:3:      gammafunk_temple_overflow_statue, first_bread, serial_bayou_pond_e,
          uniq_ijyb, uniq_grinder

Skill      XL: |  1 |
---------------+----+-----
Shields        | 3 |  3.3
Fighting       | |  3.0
Axes           | |  2.0
Armour         | |  2.4

Action                   || total
-------------------------++-------
Melee: War axe           ||    60
 Abil: Spit Poison       ||     1
Armor: Scale mail        ||    21
Dodge: Dodged            ||    21
Block: Shield            ||    30
